 Dungeon Crawl Stone Soup version 0.19.5 (webtiles) character file.

95 NullDivider the Ducker (level 4, -2/21 HPs)
             Began as a Felid Monk on Apr 21, 2017.
             Slain by a gnoll
             ... wielding a +0 halberd
              (8 damage)
             ... on level 3 of the Dungeon.
             The game lasted 00:18:55 (3077 turns).

NullDivider the Ducker (Felid Monk)                 Turns: 3077, Time: 00:18:56

Health: -2/21      AC:  1    Str:  7    XL:     4   Next: 39%
Magic:  14/14      EV: 22    Int: 11    God:
Gold:   186        SH:  0    Dex: 19    Spells: 0 memorised, 3 levels left
                                        Lives:  0   Deaths: 1

rFire  . . .     SeeInvis +       - Unarmed
rCold  . . .     Gourm    .     (armour unavailable)
rNeg   . . .     Faith    .     (shield unavailable)
rPois  +         Spirit   .     (helmet unavailable)
rElec  .         Reflect  .     (cloak unavailable)
rCorr  .         Harm     .     (gloves unavailable)
MR     .....                    (boots unavailable)
Stlth  +++.......               (no amulet)
                                l - ring of poison resistance
                                e - ring of magical power

@: quick
A: no armour, no weapons or thrown items, stealth, claws 1, fangs 3, see
invisible, carnivore 3, speed 1, shaggy fur 1, slow metabolism 1, sharp paws
a: no special abilities


You were on level 3 of the Dungeon.
You were very full.

You visited 1 branch of the dungeon, and saw 3 of its levels.

You collected 186 gold pieces.

Inventory:

Jewellery
 e - a ring of magical power (left paw)
 l - a ring of poison resistance (right paw)
Wands
 j - a wand of digging (18/24)
Scrolls
 b - 3 scrolls of identify
 d - a scroll of remove curse {unknown}
 g - a scroll of teleportation {unknown}
 h - a scroll of enchant armour {unknown}
 k - 2 scrolls of fear {unknown}
Potions
 c - a potion of invisibility {unknown}
 f - a potion of mutation {unknown}
 m - a potion of lignification {unknown}
 n - a potion of curing
Comestibles
 a - 3 meat rations
 i - a royal jelly


   Skills:
 + Level 3.5 Fighting
 * Level 6.1 Dodging
 + Level 4.4 Stealth
 + Level 3.5 Unarmed Combat


You had 3 spell levels left.
You didn't know any spells.

Dungeon Overview and Level Annotations

Branches:
Dungeon (3/15)

Altars:
Qazlal
Xom
Zin


Innate Abilities, Weirdness & Mutations

You cannot wear armour.
You are incapable of wielding weapons or throwing items.
Your paws allow you to move quietly. (Stealth)
You have sharp claws.
You have razor-sharp teeth.
You have supernaturally acute eyesight. (SInv)
You are carnivorous and can eat meat at any time.
You cover ground quickly.
You are covered in fur. (AC +1)
You have a slow metabolism.
Your sharp claws are effective at attacking unaware monsters.


Message History

The gnoll is severely wounded.
The gnoll hits you with a +0 whip.
The gnoll shouts!
You scratch the gnoll.
You kill the gnoll!
The gnoll closely misses you.
Things that are here:
a +0 whip; a stone You barely miss the gnoll.
You bite the gnoll.
The gnoll is lightly wounded.
The gnoll hits you with a halberd!
Ouch! That really hurt!
* * * LOW HITPOINT WARNING * * *
You scratch the gnoll. You bite the gnoll.
The gnoll is moderately wounded.
The gnoll completely misses you.
You barely miss the gnoll. You bite the gnoll.
The gnoll is severely wounded.
The gnoll hits you with a halberd!
You die...

#.........# #. . #.......).# ##
###> ### #.........# ...#. ..#
#...†.....# #...##.# ####..#####
#.....# ###.....### #######
#..#..#####.........# #.....#
#...(..(((...g.##...## #.....##
.##......###..##@###...###.....#.
...........(.###)# ##....#.......
##..#.....#### #.# ##.#.#......#
#.K..#.#.## #.# #...#.....##
...........## #.######........#
#.....g.....####.#.......#.....#
##.................####..#.....#
............####.............###
.........<..# #...# ##.......#


You could see a gnoll.

Vanquished Creatures
  Crazy Yiuf (D:2)
  2 gnolls (D:3)
  4 adders
  An ooze (D:1)
  A worm (D:2)
  3 dart slugs (D:1)
  2 leopard geckos (D:1)
  An orc (D:3)
  2 ball pythons
  A giant cockroach (D:1)
  8 goblins
  6 hobgoblins
  6 jackals
  5 kobolds
  2 bats (D:1)
  A frilled lizard (D:2)
  9 rats
55 creatures vanquished.

Vanquished Creatures (others)
  A goblin (D:3)
1 creature vanquished.

Grand Total: 56 creatures vanquished

Notes
Turn   | Place    | Note
-------+----------+-------------------------------------------
     0 | D:1      | NullDivider the Felid Monk began the quest for the Orb.
     0 | D:1      | Reached XP level 1. HP: 10/10 MP: 2/2
   479 | D:1      | Reached XP level 2. HP: 14/14 MP: 3/3
   792 | D:1      | Reached skill level 5 in Dodging
   980 | D:1      | Reached XP level 3. HP: 16/17 MP: 4/4
  1656 | D:2      | Found a stormy altar of Qazlal.
  1733 | D:2      | Found a faded altar of an unknown god.
  1756 | D:2      | Noticed an angel
  1757 | D:2      | Found a glowing silver altar of Zin.
  1759 | D:2      | Found a shimmering altar of Xom.
  1856 | D:2      | Found a runed door.
  2028 | D:2      | Noticed Crazy Yiuf
  2032 | D:2      | Killed Crazy Yiuf
  2032 | D:2      | Reached XP level 4. HP: 21/21 MP: 5/5
  2387 | D:3      | HP: 1/21 [gnoll/whip (7)]
  2428 | D:3      | Reached skill level 6 in Dodging
  2769 | D:3      | Slain by a gnoll
  2770 | D:3      | Reached XP level 3. HP: -1/17 MP: 13/13
  2797 | D:3      | Reached XP level 4. HP: 21/21 MP: 5/5
  3077 | D:3      | Slain by a gnoll

Skill      XL: |  1  2  3  4 |
---------------+-------------+-----
Dodging        | 5 6 |  6.1
Stealth        | 3 4 |  4.4
Fighting       | |  3.5
Unarmed Combat | |  3.5

Action                   |  1- 3 |  4- 6 || total
-------------------------+-------+-------++-------
Melee: Unarmed           |   107 |    92 ||   199
       Bite              |    12 |     9 ||    21
       Punch             |     2 |     1 ||     3
  Use: Scroll            |       |     2 ||     2
       Potion            |       |     2 ||     2
 Stab: Sleeping          |    10 |     1 ||    11
  Eat: Chunk             |     9 |     6 ||    15
Armor: Skin              |     2 |     3 ||     5
Dodge: Dodged            |    73 |   117 ||   190
